 Dungeon Crawl Stone Soup version 0.27.1-34-g3ba077fa99 (webtiles) character file.

Game seed: 14686129475668949764

5 cbfl8 the Sneak (level 1, -1/19 HPs)
             Began as a Minotaur Delver on Jan 27, 2022.
             Slain by Sigmund (13 damage)
             ... on level 2 of the Dungeon.
             The game lasted 00:00:40 (246 turns).

cbfl8 the Sneak (Minotaur Delver)                    Turns: 246, Time: 00:00:41

Health: -1/19      AC:  3    Str: 16    XL:     1   Next: 66%
Magic:  0/0        EV:  8    Int:  7    God:
Gold:   0          SH:  0    Dex: 11    Spells: 0/0 levels left

rFire    . . .     SeeInvis .   a - +0 hand axe
rCold    . . .     Faith    .   h - +0 kite shield
rNeg     . . .     Spirit   .   b - +0 leather armour
rPois    .         Reflect  .   (helmet restricted)
rElec    .         Harm     .   (no cloak)
rCorr    .         Rampage  .   (no gloves)
Will     .....                  (no boots)
Stlth    +.........             (no amulet)
HPRegen  0.06/turn              (no ring)
MPRegen  0.07/turn              (no ring)

@: confused, hasted, very quick
A: horns 2, retaliatory headbutt
a: no special abilities


You were on level 2 of the Dungeon.
You visited 1 branch of the dungeon, and saw 4 of its levels.

Inventory:

Hand Weapons
 a - a +0 hand axe (weapon)
Armour
 b - a +0 leather armour (worn)
 h - a +0 kite shield (worn)
Wands
 g - a wand of digging (3)
Scrolls
 c - a scroll of fog
 d - a scroll of magic mapping
 e - a scroll of fear


   Skills:
 + Level 3.6 Fighting
 + Level 2.4 Axes
 + Level 2.2 Dodging
 + Level 4.3 Stealth


You couldn't memorise any spells.
You didn't know any spells.
Your spell library was empty.

Dungeon Overview and Level Annotations

Branches:
Dungeon (5/15)
 Temple: D:4-7

Altars:

Annotations:
D:2 Jessica, Sigmund


Innate Abilities, Weirdness & Mutations

You have a pair of horns on your head.
You reflexively headbutt those who attack you in melee.


Message History

The jackal closely misses you. The jackal barely misses you.
You barely miss the jackal. The jackal completely misses you.
You furiously retaliate!
You headbutt the jackal.
The jackal barks!
You hit the jackal. You headbutt the jackal.
You kill the jackal!
You closely miss the jackal. The jackal bites you.
The jackal barely misses you. The jackal misses you. You furiously retaliate!
You headbutt the jackal.
You see here a jackal corpse.
You slash the jackal!
You kill the jackal!
You see here a jackal corpse.
You start resting.
HP restored.
Found a kite shield.
You see here a +0 kite shield.
h - a +0 kite shield You start putting on your armour.
You continue putting on your +0 kite shield. x4
You finish putting on your +0 kite shield.
Sigmund the Dreaded comes into view.
He is wielding a +0 scythe.
Sigmund shouts!
Sigmund gestures at you while chanting. The puff of flame misses you.
Sigmund's eyes start glowing with a red light.
Sigmund points at you and mumbles some strange words.
You are confused.
Sigmund points at you and mumbles some strange words.
You are more confused.
You bump into the rock wall.
Sigmund gestures wildly while chanting.
Sigmund flickers and vanishes!
Deactivating autopickup; reactivate with Ctrl-A.
You're too confused to move!
You feel yourself speed up. Something hits you!
You bump into the tree.
You bump into the rock wall.
Something hits you!
Ouch! That really hurt!
You die...

## . #. #.♣ #..♣
. #####..♣♣ ...
.......@♣♣ ....
.######..♣♣♣....#
#######.....#
.........####
#######..######
#.......#
##.####.# #.# #.#
..# #.#


There were no monsters in sight!

Vanquished Creatures
  2 endoplasms (D:2)
  2 jackals (D:2)
4 creatures vanquished.

Notes
Turn   | Place    | Note
-------+----------+-------------------------------------------
     0 | D:5      | cbfl8 the Minotaur Delver began the quest for the Orb.
     0 | D:5      | Reached XP level 1. HP: 19/19 MP: 0/0
    45 | D:2      | Noticed Jessica
   234 | D:2      | Noticed Sigmund
   246 | D:2      | Slain by Sigmund

Illustrated notes

Levels and vault maps discovered:
D:2:      layout_loops_ring, serial_shops, nicolae_shop_statue_plus,
          dilly_ecumenical_altar_fadedgnrine, nrook_mini_vaults,
          uniq_crazy_yiuf_cottage, uniq_jessica, uniq_sigmund
D:3:      layout_rooms, serial_shops, shop_fountains
D:4:      cheibrodos_old_hovel, layout_loops_ring,
          grunt_temple_overflow_forces_of_nature, mainiacjoe_overflow_24_doors,
          grunt_ministairs_2, uniq_natasha, uniq_duvessa, uniq_edmund
D:5:      layout_rooms, minmay_temple_entry_ruins, uniq_ijyb

Action                   || total
-------------------------++-------
Melee: Hand axe          ||     8
       Headbutt          ||     1
  Use: Potion            ||     1
 Stab: Sleeping          ||     1
Armor: Leather armour    ||     1
Dodge: Dodged            ||     6
